 Dungeon Crawl Stone Soup version 0.19-a0-1457-g32fba05 (webtiles) character file.

178770 epen the Unseen (level 17, -13/89 HPs)
             Began as a Spriggan Monk on Sept 6, 2016.
             Was an Initiate of Gozag.
             Mangled by a shambling mangrove (29 damage)
             ... on level 3 of the Swamp.
             The game lasted 02:02:12 (43913 turns).

epen the Unseen (Spriggan Monk)                    Turns: 43913, Time: 02:02:12

Health: -13/89     AC: 10    Str:  5 (7)  XL:     17   Next: 58%
Magic:  18/33      EV: 21    Int: 19 (22) God:    Gozag
Gold:   6689       SH:  9    Dex: 19 (21) Spells: 8 memorised, 13 levels left

rFire  . . .     SeeInvis +     g - +5 dagger (elec)
rCold  . . .     Gourm    .     w - +5 robe of Night {Dark MR+ SInv}
rNeg   + . .     Faith    .     L - +0 buckler
rPois  +         Spirit   .     (helmet restricted)
rElec  +         Dismiss  .     V - +0 cloak of the Morning {rElec Int+6}
rCorr  .         Reflect  .     (gloves unavailable)
MR     +++++     Harm     .     (boots unavailable)
Stlth  ++++++++.. Clarity  +    O - amulet of the Four Winds {rN+ MR+++ Clar}
                                p - +2 ring of slaying
                                z - ring of poison resistance

@: grasped by roots, very slightly contaminated, repel missiles, quick
A: unfitting armour, antennae 1, large bone plates 1, see invisible,
deterioration 1, herbivore 3, speed 3, screaming 1, slow metabolism 2, wild
magic 1
a: Potion Petition, Call Merchant, Bribe Branch, Renounce Religion


You were on level 3 of the Swamp.
You worshipped Gozag.
Gozag was greatly pleased with you.
You were hungry.

You visited 6 branches of the dungeon, and saw 30 of its levels.
You also visited: Labyrinth and Ossuary.

You collected 12959 gold pieces.
You spent 3081 gold pieces at shops.
You paid 3189 gold pieces to Gozag.

Inventory:

Hand Weapons
 g - a +5 dagger of electrocution (weapon)
 T - a +3 blowgun
Missiles
 r - 40 poisoned needles
 G - 6 needles of frenzy
 I - 13 curare-tipped needles
 P - 3 throwing nets (quivered)
Armour
 w - the +5 robe of Night (worn) {Dark MR+ SInv}
   (You bought it in a shop on level 11 of the Dungeon)

   It affects your resistance to hostile enchantments.
   It lets you see invisible.
 L - a +0 buckler (worn)
 V - the +0 cloak of the Morning (worn) {rElec Int+6}
   (You bought it in a shop on level 11 of the Dungeon)

   It affects your intelligence (+6).
   It insulates you from electricity.
Jewellery
 p - a +2 ring of slaying (right hand)
 y - an uncursed ring of protection from fire
 z - a ring of poison resistance (left hand)
 B - an uncursed ring of protection from cold
 K - the ring "Xeasoabi" {+Fly MR- Str+6 Int+3 SInv}
   (You found it on level 15 of the Dungeon)

   [ring of intelligence]

   It affects your strength (+6).
   It affects your intelligence (+3).
   It affects your resistance to hostile enchantments.
   It lets you see invisible.
   It lets you fly.
 O - the amulet of the Four Winds (around neck) {rN+ MR+++ Clar}
   (You found it on level 2 of the Lair of Beasts)

   [amulet of nothing]

   It protects you from negative energy.
   It affects your resistance to hostile enchantments.
   It protects you against confusion.
 S - an uncursed ring of wizardry
 W - a +1 ring of protection {unknown}
Wands
 o - a wand of teleportation (5/9)
 F - a wand of disintegration (13/24)
 J - a wand of hasting (4/9)
 Y - a wand of digging (9/24)
Scrolls
 d - 2 scrolls of enchant weapon
 j - a scroll of fear
 n - 10 scrolls of teleportation
 A - 2 scrolls of magic mapping
 C - 15 scrolls of remove curse
 D - 9 scrolls of amnesia
 H - 3 scrolls of recharging
 N - a scroll of enchant armour
 Q - a scroll of fog
 X - 7 scrolls of identify
 Z - 3 scrolls of brand weapon
Potions
 e - 12 potions of curing
 i - 11 potions of flight
 k - 2 potions of ambrosia
 l - 8 potions of brilliance
 m - a potion of haste
 s - 4 potions of cancellation
 u - 4 potions of agility
 v - 4 potions of cure mutation
 x - 3 potions of berserk rage
 E - a potion of magic
 R - 2 potions of might
Books
 t - a book of Battle

   Spells                             Type                      Level
   a - Infusion                       Charms                       1
   b - Shroud of Golubria             Charms/Translocation         2
   c - Song of Slaying                Charms                       2
   d - Spectral Weapon                Hexes/Charms                 3
   e - Regeneration                   Charms/Necromancy            3
 M - a Fen Folio

   Spells                             Type                      Level
   a - Corpse Rot                     Necromancy                   2
   b - Stone Arrow                    Conjuration/Earth            3
   c - Leda's Liquefaction            Hexes/Earth                  4
   d - Summon Forest                  Summoning/Translocation      5
   e - Hydra Form                     Transmutation                6
   f - Summon Hydra                   Summoning                    7
Miscellaneous
 a - a sack of spiders
 U - a fan of gales
Comestibles
 c - 6 bread rations
 h - 11 fruits


   Skills:
 + Level 10.2 Fighting
 + Level 13.3 Short Blades
 + Level 11.1 Throwing
 + Level 15.0 Dodging
 + Level 16.5 Stealth
 * Level 4.5 Shields
 - Level 11.7 Spellcasting
 - Level 2.3 Conjurations
 * Level 15.8 Hexes
 + Level 11.3 Translocations
 - Level 3.1 Air Magic
 - Level 8.4 Evocations


You had 13 spell levels left.
You knew the following spells:

 Your Spells              Type           Power        Failure   Level  Hunger
a - Ensorcelled Hibernat  Hex/Ice        ######       1%          2    None
b - Tukima's Dance        Hex            #######.     1%          3    None
c - Confuse               Hex            #######.     1%          3    None
d - Dazzling Spray        Conj/Hex       ######       1%          3    None
e - Apportation           Tloc           ######....   1%          1    None
f - Fulminant Prism       Conj/Hex       ######....   2%          4    ##.....
g - Discord               Hex            #######...   86%         8    #######
h - Repel Missiles        Chrm/Air       ###...       14%         2    None


Dungeon Overview and Level Annotations

Branches:
Dungeon (15/15)            Temple (1/1) D:5            Lair (6/6) D:11
  Swamp (3/4) Lair:4        Snake (3/4) Lair:4        Slime (0/5) Lair:6
    Orc (2/2) D:11            Elf (0/3) Orc:2        Vaults (0/5) D:13
 Depths (0/5) D:15

Altars:
Ashenzari
Cheibriados
Dithmenos
Elyvilon
Fedhas
Gozag
Hepliaklqana
Kikubaaqudgha
Nemelex Xobeh
Ru
Trog
Uskayaw
Vehumet
Yredelemnul
Zin
Beogh

Shops:
D:4 !   D:8 }   D:11 [[[(   D:13 [   Orc:1 ?   Orc:2 }[:*

Annotations:
Snake:3 Mara


Innate Abilities, Weirdness & Mutations

You are tiny and cannot use many weapons and most armour.
You have supernaturally acute eyesight. (SInv)
You are a herbivore.
You cover ground extremely quickly.
You need consume almost no food.
You have a pair of small antennae on your head.
You are partially covered in large bone plates. (AC +2, SH +2)
Your body sometimes deteriorates upon taking damage.
You occasionally shout uncontrollably at your foes.
Your spells are a little harder to cast, but a little more powerful.


Message History

The blast of energy engulfs the shambling mangrove.
The shambling mangrove is severely damaged.
You feel better. The shambling mangrove hits you!
* * * LOW HITPOINT WARNING * * *
Casting: Fulminant Prism
Confirm with . or Enter, or press ? or * to list all spells.
Okay, then.
You feel better. The shambling mangrove misses you.
Casting: Fulminant Prism
Confirm with . or Enter, or press ? or * to list all spells.
Aiming: Fulminant Prism
Press: ? - help, Dir - move target cursor You miscast Fulminant Prism.
You are very lightly contaminated with residual magic.
Your skin tingles.
Your shield prevents you from hitting the shambling mangrove.
The shambling mangrove is severely damaged.
The shambling mangrove hits you!!
You die...
Your body crumbles into a pile of gold.

♣♣♣♣♣ ♣♣♣♣♣
♣♣f@.♣
♣.≈.♣♣
♣♣y♣♣♣♣
♣♣≈..♣ ♣♣.{♣
♣≈≈♣♣ ♣♣.(≈♣
♣≈≈.♣
♣♣.§≈♣♣
♣≈≈.♣
♣≈.≈.♣♣
♣.♣.♣♣
♣≈≈≈.≈♣♣
♣....♣
♣..≈≈≈≈.♣♣
♣.≈≈.♣
♣≈≈≈♣≈≈♣..♣♣
♣.≈≈≈♣


You could see a shambling mangrove and a wasp.

Vanquished Creatures
  Jorgrun (Snake:2)
  Rupert (Orc:2)
  2 thorn hunters
  Roxanne (Snake:2)
  Donald (Orc:2)
  2 greater nagas
  Aizul (Swamp:1)
  An orc warlord (Orc:1)
  Nessos (D:12)
  A minotaur (Lab)
  7 naga warriors
  14 hydras
  Erolcha (D:11)
  2 ice dragons (D:15)
  A catoblepas (Lair:4)
  13 anacondas
  3 ogre magi
  A merfolk avatar (Lair:6)
  4 centaur warriors
  2 death knights
  10 death yaks
  7 alligators
  5 shock serpents
  3 orc high priests (Orc:2)
  2 tengu warriors
  4 naga sharpshooters
  Sonja (Lair:3)
  Nergalle (Lair:1)
  A salamander mystic (Snake:2)
  4 spriggans
  A sea snake (Lair:6)
  7 unseen horrors
  3 swamp dragons
  3 shambling mangroves
  9 naga ritualists
  4 orc knights (Orc:2)
  8 hill giants
  3 harpies (Lair:6)
  5 orc sorcerers (Orc:2)
  2 manticores
  An ugly thing (D:12)
  2 deep elf magi
  10 mana vipers
  4 griffons
  A hornet (Swamp:2)
  9 salamanders
  11 cyclopes
  A guardian serpent (Snake:1)
  29 black mambas
  8 elephants
  8 naga magi
  15 spiny frogs
  2 gargoyles
  3 freezing wraiths (D:13)
  8 komodo dragons
  6 rime drakes
  2 tengu conjurers (D:13)
  6 trolls
  4 giant leeches
  A wind drake (Lair:6)
  Prince Ribbit (Lair:3)
  4 polar bears
  4 slime creatures (Lair:4)
  14 blink frogs
  10 dream sheep
  5 bog bodies
  7 two-headed ogres
  A vampire (D:14)
  3 shadows
  9 wyverns
  79 yaks
  10 basilisks
  A steam dragon (Lair:3)
  7 hippogriffs
  3 hungry ghosts
  6 vampire mosquitoes
  Menkaure (D:6)
  10 insubstantial wisps
  2 mottled dragons
  24 nagas
  2 wargs
  12 swamp worms
  2 hell hounds (Lair:4)
  18 water moccasins
  11 porcupines
  5 ice beasts
  2 necrophages
  3 swamp drakes
  21 orc warriors
  15 wasps
  3 phantoms
  A sky beast (D:14)
  2 black bears
  3 eyes of draining
  23 ogres
  18 wolves
  16 centaurs
  16 crocodiles
  2 big kobolds
  15 giant frogs
  3 water moccasin zombies
  4 scorpions
  6 killer bees (D:9)
  2 electric eels (Lair:2)
  6 wights
  8 howler monkeys
  2 crimson imps
  A gnoll shaman (D:6)
  6 hounds
  A quasit (D:6)
  3 centaur zombies
  23 orc priests
  6 jellies
  Crazy Yiuf (D:6)
  3 centaur skeletons
  3 giant frog skeletons
  11 iguanas
  Terence (D:3)
  26 orc wizards
  15 worker ants
  A big kobold zombie (Ossuary)
  A hound skeleton (D:4)
  3 mummies
  2 howler monkey zombies
  A worker ant zombie (D:9)
  A howler monkey skeleton (D:6)
  20 adders
  16 gnolls
  64 river rats
  6 shadow imps
  3 oozes
  5 adder zombies
  An adder skeleton (D:8)
  3 worms
  A dart slug (D:1)
  7 giant geckos
  95 orcs
  2 giant cockroaches
  4 goblins
  5 hobgoblins
  17 jackals
  8 quokkas
  A ball python (D:3)
  5 bats
  4 giant newts
  5 gnoll zombies (Ossuary)
  9 hobgoblin zombies
  A jackal skeleton (D:4)
  15 kobolds
  5 kobold zombies (Ossuary)
  5 orc zombies
  2 rats
  A fungus (D:6)
  4 plants (Lair:6)
1119 creatures vanquished.

Vanquished Creatures (collateral kills)
  A jelly (Lair:6)
  An orc (D:11)
2 creatures vanquished.

Vanquished Creatures (others)
  A dancing weapon (D:11)
  A water moccasin zombie (Ossuary)
  3 river rats (Lair:6)
  An adder zombie (Ossuary)
  A gnoll zombie (Ossuary)
  A hobgoblin zombie (Ossuary)
  3 bushes
  52 fulminant prisms
  20 fungi
  33 plants
116 creatures vanquished.

Grand Total: 1237 creatures vanquished

Notes
Turn   | Place    | Note
-------+----------+-------------------------------------------
     0 | D:1      | epen the Spriggan Monk began the quest for the Orb.
     0 | D:1      | Reached XP level 1. HP: 11/11 MP: 2/2
   531 | D:1      | Reached XP level 2. HP: 16/16 MP: 3/3
  1008 | D:2      | Found a blossoming altar of Fedhas.
  1082 | D:2      | Reached XP level 3. HP: 13/19 MP: 4/4
  1527 | D:3      | Reached skill level 5 in Dodging
  1818 | D:3      | Noticed Terence
  1862 | D:3      | Killed Terence
  1862 | D:3      | Reached XP level 4. HP: 14/23 MP: 5/5
  1899 | D:3      | Reached skill level 4 in Stealth
  2268 | D:4      | Reached skill level 5 in Short Blades
  2268 | D:4      | Reached XP level 5. HP: 19/28 MP: 6/6
  2385 | D:4      | Found a sand-covered staircase.
  2390 | Ossuary  | Entered an ossuary
  2459 | Ossuary  | Reached skill level 1 in Throwing
  2524 | Ossuary  | Reached XP level 6. HP: 27/32 MP: 7/7
  2782 | Ossuary  | Reached skill level 5 in Stealth
  3196 | D:4      | Reached XP level 7. HP: 36/36 MP: 8/8
  3206 | D:4      | Found Ugo Taymno's Distillery.
  3220 | D:4      | Bought a potion of heal wounds for 55 gold pieces
  3220 | D:4      | Bought a potion of heal wounds for 55 gold pieces
  3461 | D:5      | Entered Level 5 of the Dungeon
  3774 | D:5      | Found a shattered altar of Ashenzari.
  3905 | D:5      | Found a staircase to the Ecumenical Temple.
  4005 | Temple   | Entered the Ecumenical Temple
  4033 | Temple   | Became a worshipper of Gozag Ym Sagoz the Greedy
  4505 | D:6      | Reached skill level 6 in Stealth
  4652 | D:6      | Noticed Menkaure
  4752 | D:6      | Reached XP level 8. HP: 42/42 MP: 9/9
  5156 | D:6      | Gained mutation: You have a pair of small antennae on your head. [potion of mutation]
  5156 | D:6      | Gained mutation: Your spells are a little harder to cast, but a little more powerful. [potion of mutation]
  5156 | D:6      | Gained mutation: Your body sometimes deteriorates upon taking damage. [potion of mutation]
  5157 | D:6      | Gained mutation: You are partially covered in large bone plates. (AC +2, SH +2) [potion of mutation]
  5157 | D:6      | Gained mutation: You occasionally shout uncontrollably at your foes. [potion of mutation]
  5238 | D:6      | Killed Menkaure
  5238 | D:6      | Reached skill level 7 in Stealth
  5516 | D:6      | Found a runed door.
  5520 | D:6      | Noticed Crazy Yiuf
  5547 | D:6      | Killed Crazy Yiuf
  5648 | D:6      | Found a snail-covered altar of Cheibriados.
  5998 | D:7      | Found a hide-covered altar of Uskayaw.
  6014 | D:7      | Learned a level 2 spell: Ensorcelled Hibernation
  6078 | D:7      | Reached skill level 1 in Hexes
  6664 | D:7      | Reached skill level 1 in Spellcasting
  6664 | D:7      | Reached XP level 9. HP: 42/46 MP: 11/11
  6814 | D:7      | Reached skill level 8 in Stealth
  6822 | D:7      | Learned a level 3 spell: Dazzling Spray
  7026 | D:7      | Found a sacrificial altar of Ru.
  7128 | D:7      | Found Inoxt's Antique Armour Shop.
  7701 | D:8      | Found an ancient bone altar of Kikubaaqudgha.
  7738 | D:8      | Reached skill level 5 in Fighting
  7845 | D:8      | Found Pyrhoum's Gadget Emporium.
  8780 | D:8      | Reached skill level 9 in Stealth
  8815 | D:8      | Reached skill level 5 in Throwing
  8837 | D:8      | Reached skill level 5 in Hexes
  9160 | D:8      | Found a glowing silver altar of Zin.
  9385 | D:9      | Reached XP level 10. HP: 50/50 MP: 16/16
  9698 | D:9      | Learned a level 3 spell: Tukima's Dance
 10490 | D:10     | Entered Level 10 of the Dungeon
 10873 | D:10     | Noticed an unseen horror
 10944 | D:10     | Killed an unseen horror
 11708 | D:11     | Reached skill level 10 in Stealth
 11708 | D:11     | Reached skill level 5 in Spellcasting
 11961 | D:11     | Noticed a cyclops
 12011 | D:11     | Killed a cyclops
 12220 | D:11     | Noticed a cyclops
 12227 | D:11     | Killed a cyclops
 12227 | D:11     | Reached XP level 11. HP: 55/55 MP: 18/20
 12264 | D:11     | Noticed an unseen horror
 12345 | D:11     | Killed an unseen horror
 12442 | D:11     | Noticed Erolcha
 12483 | D:11     | Killed Erolcha
 12548 | D:11     | Reached skill level 10 in Dodging
 12634 | D:11     | Found a staircase to the Lair.
 12982 | D:11     | Found a staircase to the Orcish Mines.
 13090 | Lair:1   | Entered Level 1 of the Lair of Beasts
 13214 | Lair:1   | Identified a scroll of acquirement
 13314 | Lair:1   | Reached skill level 10 in Short Blades
 13445 | Lair:1   | Reached skill level 11 in Stealth
 13744 | Lair:1   | Noticed Nergalle
 13758 | Lair:1   | Killed Nergalle
 13759 | Lair:1   | Found a hazy altar of Hepliaklqana.
 13803 | Lair:1   | Learned a level 3 spell: Confuse
 13870 | Lair:1   | Noticed a six-headed hydra
 13879 | Lair:1   | Killed a six-headed hydra
 14150 | Lair:1   | Reached XP level 12. HP: 63/63 MP: 19/23
 14620 | Lair:2   | Noticed a seven-headed hydra
 14913 | Lair:2   | Found a labyrinth entrance.
 14922 | Lab      | Entered a labyrinth
 15183 | Lab      | Noticed a minotaur
 15205 | Lab      | Killed a minotaur
 15257 | Lab      | Learned a level 1 spell: Apportation
 15318 | Lair:2   | Reached skill level 12 in Stealth
 15318 | Lair:2   | Reached skill level 10 in Hexes
 15469 | Lair:2   | Killed a seven-headed hydra
 15469 | Lair:2   | Reached skill level 1 in Translocations
 15698 | Lair:2   | HP: 2/63 [spiny frog (12)]
 16589 | Lair:3   | Noticed Sonja
 16653 | Lair:3   | Killed Sonja
 16881 | Lair:3   | Noticed Prince Ribbit
 16924 | Lair:3   | Killed Prince Ribbit
 17200 | Lair:3   | Noticed a five-headed hydra
 17217 | Lair:3   | Killed a five-headed hydra
 17494 | Lair:4   | Found a staircase to the Swamp.
 17676 | Lair:4   | Reached XP level 13. HP: 67/67 MP: 5/26
 18179 | Lair:4   | Found a staircase to the Snake Pit.
 18732 | Lair:3   | Reached skill level 13 in Stealth
 18909 | Lair:4   | Reached skill level 5 in Translocations
 21242 | Lair:5   | Reached XP level 14. HP: 74/74 MP: 16/28
 21360 | Lair:6   | Entered Level 6 of the Lair of Beasts
 21932 | Lair:6   | Found a staircase to the Slime Pits.
 22518 | Lair:6   | Reached skill level 1 in Evocations
 23303 | Lair:6   | Reached skill level 14 in Stealth
 24117 | Lair:6   | Reached skill level 1 in Conjurations
 24561 | Orc:1    | Entered Level 1 of the Orcish Mines
 24577 | Orc:1    | Noticed an orc warlord
 24590 | Orc:1    | Found a roughly hewn altar of Beogh.
 24624 | Orc:1    | Killed an orc warlord
 25332 | Orc:1    | Found Qothruus's Magic Scroll Emporium.
 25412 | Orc:1    | Bought a scroll of teleportation for 42 gold pieces
 25412 | Orc:1    | Bought a scroll of fear for 49 gold pieces
 25414 | Orc:1    | Bought a scroll of identify for 28 gold pieces
 25414 | Orc:1    | Bought a scroll of identify for 28 gold pieces
 25414 | Orc:1    | Bought a scroll of brand weapon for 280 gold pieces
 25509 | Orc:2    | Entered Level 2 of the Orcish Mines
 25975 | Orc:2    | Found a staircase to the Elven Halls.
 26035 | Orc:2    | Found Vuosokufra's Gadget Shop.
 26931 | Orc:2    | Found Vaokozen's Armour Shop.
 26946 | Orc:2    | Learned a level 4 spell: Fulminant Prism
 26949 | Orc:2    | Reached XP level 15. HP: 79/79 MP: 24/29
 26966 | Orc:2    | Reached skill level 10 in Spellcasting
 27028 | Orc:2    | Found Fow Rong's Assorted Antiques.
 27034 | Orc:2    | Bought 2 potions of curing for 174 gold pieces
 27034 | Orc:2    | Bought a fizzy grey potion for 26 gold pieces
 27036 | Orc:2    | Found Vatek's Book Emporium.
 27046 | Orc:2    | Bought a sack of spiders for 260 gold pieces
 27073 | Orc:2    | Bought a book of Enchantments for 650 gold pieces
 27082 | Orc:2    | Learned a level 8 spell: Discord
 27144 | Orc:2    | Noticed Donald
 27334 | Orc:2    | Killed Donald
 27521 | Orc:2    | Noticed Rupert
 27594 | Orc:2    | Killed Rupert
 28117 | D:11     | Bought the +5 robe of Night {Dark MR+ SInv} for 637 gold pieces
 28155 | D:11     | Bought a heavily runed cloak for 285 gold pieces
 28169 | D:11     | Identified the +0 cloak of the Morning {rElec Int+6} (You bought it in a shop on level 11 of the Dungeon)
 28175 | D:11     | Bought a runed blowgun for 57 gold pieces
 28570 | D:12     | Noticed Nessos
 28575 | D:12     | Killed Nessos
 28802 | D:12     | Reached skill level 10 in Throwing
 29012 | Orc:2    | Bought a book of Air for 455 gold pieces
 29015 | Orc:2    | Learned a level 2 spell: Repel Missiles
 29643 | D:13     | Found Jiecs's Armour Boutique.
 29775 | D:13     | Reached skill level 5 in Evocations
 29906 | D:13     | Found a gate to the Vaults.
 29931 | D:13     | Reached skill level 15 in Stealth
 30599 | D:14     | Found an opulent altar of Gozag.
 31239 | D:15     | Entered Level 15 of the Dungeon
 31311 | D:15     | Got a scintillating brass ring
 31404 | D:15     | Found a shadowy altar of Dithmenos.
 31717 | D:15     | Reached skill level 1 in Air Magic
 31989 | D:15     | Found a staircase to the Depths.
 32281 | Lair:4   | Reached XP level 16. HP: 75/84 MP: 31/31
 32319 | Snake:1  | Entered Level 1 of the Snake Pit
 32470 | Lair:4   | Identified the ring "Xeasoabi" {+Fly MR- Str+6 Int+3 SInv} (You found it on level 15 of the Dungeon)
 32893 | Snake:1  | Reached skill level 1 in Shields
 34956 | Snake:2  | Reached skill level 10 in Translocations
 35076 | Snake:2  | Noticed Jorgrun
 35088 | Snake:2  | Killed Jorgrun
 35088 | Snake:2  | Reached skill level 15 in Hexes
 36847 | Snake:2  | Reached skill level 16 in Stealth
 37418 | Snake:2  | Noticed Roxanne
 37797 | Snake:2  | Killed Roxanne
 37797 | Snake:2  | Reached skill level 10 in Fighting
 37804 | Snake:2  | Identified Roxanne's Almanac of Shape Shifting (You took it off Roxanne on level 2 of the Snake Pit)
 38518 | Snake:2  | Reached XP level 17. HP: 61/89 MP: 21/33
 39087 | Snake:3  | Noticed Mara
 39261 | Swamp:1  | Entered Level 1 of the Swamp
 39669 | Swamp:1  | Noticed Aizul
 39674 | Swamp:1  | Killed Aizul
 43729 | Swamp:3  | Reached skill level 15 in Dodging
 43913 | Swamp:3  | Mangled by a shambling mangrove

Vault maps used:
D:1:      elethiomel_arrival_maze, interstate_on_off, kennysheep_crisscross
D:2:      fedhas_altar_3, first_bread
D:3:      uniq_terence
D:4:      serial_shops, shop, nicolae_ossuary_entry_giza
D:5:      ashenzari_altar_1
D:6:      slow_altar_2, hangedman_decor_clover_reticule, uniq_menkaure,
          uniq_crazy_yiuf_cottage
D:7:      lemuel_doored_altar, eat_drink_and_be_merry_uskayaw, serial_shops,
          shop
D:8:      kennysheep_mini, serial_shops, shop_coins, basic_altar
D:11:     dpeg_lair_monsters, hiddenorc1_lemuel, uniq_erolcha
D:12:     uniq_nessos
D:13:     david_vaults_2, serial_shops,
          nicolae_shop_temple_entry_statues_fountains, grunt_ogre_cave
D:14:     lemuel_crystal_altar
D:15:     grunt_enter_depths_hoard, nicolae_dithmenos_the_darkroom, st_stairs_11
Temple:   regret_index_temple_sphere_string
Lair:1:   basic_altar, grunt_megastairs_5, uniq_nergalle
Lair:2:   minmay_lair_venomous_thicket, lab_entry_generic, zaba_anthole,
          serial_bayou_shore_a
Lair:3:   grunt_megastairs_1, uniq_sonja, uniq_prince_ribbit2
Lair:4:   minmay_swamp_entry_swarm, guppyfry_snake_entry_garden,
          nicolae_lair_yak_garden, infiniplex_staircase_pool
Lair:5:   special_room, beast_lair_carwin_7
Lair:6:   gammafunk_lair_ancient_temple, nicolae_slime_entry_slimehenge,
          lemuel_fruit_tree
Swamp:1:  serial_swamp_ruin, evilmike_swamp_ruin_house_3,
          evilmike_swamp_ruin_house_5, evilmike_swamp_ruin_rubble_1, uniq_aizul
Swamp:2:  hangedman_swamp_blocks, swamp_pool4
Swamp:3:  evilmike_swamp_ruin_house_1, swamp_pool1
Snake:1:  grunt_megastairs_2
Snake:2:  uniq_roxanne, uniq_jorgrun
Snake:3:  grunt_megastairs_4, uniq_mara
Orc:1:    serial_shops, shop, basic_altar
Orc:2:    st_orc_elflike, nicolae_orc_bridge_out, uniq_donald, uniq_rupert
Lab:      labyrinth_spiral, lab_statue, labyrinth_skeletal_remains
Ossuary:  ossuary_tomb_2

Skill      XL: |  1  2  3  4  5  6  7  8  9 10 11 12 13 14 15 16 17 |
---------------+----------------------------------------------------+-----
Short Blades   | 4 5 6 7 8 9 10 11 12 13 | 13.3
Dodging        | 5 6 7 8 9 10 11 12 13 14 15 | 15.0
Stealth        | 4 5 6 7 9 10 11 12 13 14 15 16 | 16.5
Fighting       | 3 4 5 6 7 8 9 10 | 10.2
Throwing       | 1 2 3 4 5 6 7 8 9 10 11 | 11.1
Hexes          | 1 5 7 9 11 12 13 14 15 | 15.8
Spellcasting   | 1 3 5 6 8 9 10 11 | 11.7
Translocations | 3 6 8 9 10 11 | 11.3
Evocations     | 4 6 7 8 |  8.4
Conjurations   | 2 |  2.3
Air Magic      | 1 2 3 |  3.1
Shields        | 3 4 |  4.5

Action                   |  1- 3 |  4- 6 |  7- 9 | 10-12 | 13-15 | 16-18 || total
-------------------------+-------+-------+-------+-------+-------+-------++-------
Melee: Dagger            |   108 |   421 |  1058 |  1734 |   853 |   825 ||  4999
       Short sword       |     2 |       |       |       |  1115 |       ||  1117
 Fire: Blowgun           |       |       |       |       |    13 |     2 ||    15
 Cast: Dazzling Spray    |       |       |       |    41 |    63 |    95 ||   199
       Tukima's Dance    |       |       |       |     8 |       |       ||     8
       Ensorcelled Hiber |       |       |       |    35 |    56 |     6 ||    97
       Confuse           |       |       |       |    57 |   332 |   158 ||   547
       Fulminant Prism   |       |       |       |       |     4 |    48 ||    52
       Apportation       |       |       |       |       |     1 |       ||     1
       Repel Missiles    |       |       |       |       |     4 |     2 ||     6
Invok: Call Merchant     |       |       |       |       |     4 |       ||     4
Evoke: Wand              |       |       |       |     1 |     4 |       ||     5
       Sack of spiders   |       |       |       |       |     3 |       ||     3
  Use: Scroll            |       |     9 |    17 |     5 |     7 |     3 ||    41
       Potion            |       |       |     4 |     2 |     1 |     5 ||    12
 Stab: Sleeping          |    10 |     9 |    14 |    42 |    63 |    16 ||   154
       Distracted        |       |       |     2 |    17 |    21 |     5 ||    45
       Invisible         |       |       |       |    15 |    19 |    27 ||    61
       Confused          |       |       |       |    31 |   177 |    82 ||   290
  Eat: Pizza             |       |       |     2 |     1 |       |       ||     3
       Royal jelly       |       |       |     3 |     1 |       |       ||     4
       Bread ration      |       |       |     2 |     1 |     4 |     2 ||     9
       Fruit             |       |       |       |     4 |     2 |     2 ||     8
Armor: Robe              |     3 |       |     8 |    31 |    13 |    33 ||    88
       Troll leather arm |       |    26 |    64 |    88 |   105 |       ||   283
Dodge: Dodged            |    89 |   235 |   561 |  1135 |  1209 |   541 ||  3770
       Deflected         |       |       |       |       |     5 |    13 ||    18
Block: Other             |       |       |    17 |    69 |    72 |       ||   158
       Buckler           |       |       |       |       |       |   256 ||   256
